Stars vs BlackHawks

Created - February-03-15 at 17:54

Goals
1 2 3 T
Stars 0 1 1 2
BlackHawks 1 0 2 3
Shots
1 2 3 T
Stars 7 3 12 22
BlackHawks 2 7 9 18

1st period

1. BlackHawks , Alex Galchenyuk 20 (Martin Hanzal, Chris Stewart) at 9:15

Penalties :
Martin Hanzal (CHI) for Elbowing (Minor) at 0:13, David Backes (DAL) for Hooking (Minor) at 4:15, Brandon Bollig (CHI) for Interference (Minor) at 4:48, Zdeno Chara (DAL) for Holding (Minor) at 4:48

2nd period

2. Stars , Jarome Iginla 21 (Eric Staal, Zdeno Chara) at 2:30

Penalties :
Dalton Prout (DAL) for Hooking (Minor) at 4:56, Alec Martinez (DAL) for Roughing (Minor) at 9:38, Martin Hanzal (CHI) for Fighting (Major) at 16:45, Shea Weber (DAL) for Fighting (Major) at 16:45, Shea Weber (DAL) for instigated a fight (Game Misconduct) at 16:45, Luke Schenn (CHI) for Hooking (Minor) at 18:30, Brandon Dubinsky (DAL) for Hooking (Minor) at 18:30

3rd period

3. Stars , Eric Staal 17 (Jarome Iginla, Travis Hamonic) at 0:44
4. BlackHawks , Lars Eller 9 (Mike Richards, Matt Greene) at 2:00
5. BlackHawks , Martin Hanzal 19 (Alex Galchenyuk, Mike Komisarek) at 7:17

Penalties :
Chris Stewart (CHI) for Roughing (Minor) at 2:02, John Erskine (DAL) for Interference (Minor) at 8:29, Patrick Bordeleau (CHI) for Hooking (Minor) at 10:43, Mike Komisarek (CHI) for Hooking (Minor) at 15:58, Zack Smith (CHI) for High sticking (Minor) at 19:34

Goalie Stats

Semyon Varlamov (DAL), 15 saves from 18 shots - (0.833), L, 22-13-5, 59:15 minutes
Cam Ward (CHI), 20 saves from 22 shots - (0.909), W, 5-16-1, 60:00 minutes

Players Stats for Stars

Player Name              G  A  P  +/- PIM S  H  SB GA TA FO     MP     PP MP  PK MP  
------------------------------------------------------------------------------------
Alec Martinez            0  0  0   0  2   2  2  0  0  0  0/0    18:33   4:12   0:17 
Andy Greene              0  0  0   0  0   2  0  0  0  0  0/0    16:50   4:06   3:56 
Brandon Dubinsky         0  0  0   0  2   2  1  1  0  0  8/15   20:12   0:34   4:26 
Brenden Dillon           0  0  0   0  0   0  4  2  0  0  0/0    16:18   0:44   3:14 
Dalton Prout             0  0  0   0  2   0  0  0  0  0  0/0     6:37   0:00   0:00 
David Backes             0  0  0  -1  2   2  4  0  0  0  18/27  25:19   3:08   3:51 
Eric Staal               1  1  2   1  0   2  0  0  0  0  3/10   23:58   4:00   4:28 
Evgeni Malkin            0  0  0  -2  0   4  0  0  0  0  4/10   20:06   4:21   0:00 
James van Riemsdyk       0  0  0   0  0   3  3  0  0  0  0/0    17:53   4:21   0:00 
Jarome Iginla            1  1  2   1  0   3  1  0  0  0  0/2    22:06   4:00   4:28 
Jarret Stoll             0  0  0   0  0   0  2  0  0  0  1/2    11:54   0:00   0:56 
Jason Spezza             0  0  0   0  0   0  0  0  0  0  1/1     0:18   0:18   0:00 
John Erskine             0  0  0   0  2   0  1  0  0  0  0/0     6:37   0:00   0:00 
Ryan Reaves              0  0  0   0  0   0  1  0  0  0  0/0     2:39   0:00   0:00 
Shea Weber               0  0  0  -1  17  1  3  1  0  0  0/0    12:33   0:45   3:25 
Travis Hamonic           0  1  1  -1  0   0  0  0  0  0  0/0    22:39   2:59   5:59 
Tyler Seguin             0  0  0  -2  0   0  1  0  0  0  1/3    21:40   4:21   0:00 
Zdeno Chara              0  1  1   0  2   1  0  1  0  0  0/0    19:48   3:56   2:58 

Players Stats for BlackHawks

Player Name              G  A  P  +/- PIM S  H  SB GA TA FO     MP     PP MP  PK MP  
------------------------------------------------------------------------------------
Alex Galchenyuk          1  1  2   1  0   2  0  0  0  0  2/6    18:59   3:48   2:21 
Brandon Bollig           0  0  0  -1  2   1  3  0  0  0  2/2    17:24   4:26   5:50 
Chris Stewart            0  1  1   1  2   0  2  0  0  0  1/2    16:42   3:48   0:00 
Dion Phaneuf             0  0  0   0  0   3  1  2  0  0  0/0    24:58   4:44   4:38 
Douglas Murray           0  0  0   0  0   1  1  2  0  0  0/0    21:46   3:31   3:17 
Dwight King              0  0  0   1  0   0  1  0  0  0  1/2    21:14   4:27   1:59 
Jared Boll               0  0  0   0  0   0  0  0  0  0  0/0     9:00   0:00   0:00 
Jarred Tinordi           0  0  0   0  0   1  1  0  0  0  0/0    19:51   4:11   0:32 
Lars Eller               1  0  1   1  0   3  3  0  0  0  9/17   18:10   5:21   0:00 
Luke Schenn              0  0  0   1  2   0  3  1  0  0  0/0    19:17   3:30   3:18 
Martin Hanzal            1  1  2   1  7   1  3  0  0  0  10/18  17:01   2:43   1:28 
Matt Greene              0  1  1   1  0   3  1  4  0  0  0/0    19:50   0:33   4:57 
Mike Komisarek           0  1  1   0  2   0  1  1  0  0  0/0    14:16   0:00   0:00 
Mike Richards            0  1  1   1  0   0  0  0  0  0  0/0    11:58   0:11   0:00 
Nathan Horton            0  0  0  -1  0   0  0  0  0  0  0/0     6:54   0:00   0:00 
Patrick Bordeleau        0  0  0   0  2   3  2  1  0  0  0/1     9:05   0:00   0:06 
Trevor Lewis             0  0  0   0  0   0  1  0  0  0  1/6     9:00   0:00   0:00 
Zack Smith               0  0  0  -1  2   0  0  0  0  0  8/16   12:08   0:00   4:58 

3 Stars

1 - Jarome Iginla (DAL)
2 - Eric Staal (DAL)
3 - Alex Galchenyuk (CHI)

Power Play

Stars - 0 on 5 Attempt(s) - 0.00%
BlackHawks - 0 on 5 Attempt(s) - 0.00%

Penalty Kill

Stars - 5 on 5 Attempt(s) - 100.00% - Score 0 goal in Penalty Kill
BlackHawks - 5 on 5 Attempt(s) - 100.00% - Score 0 goal in Penalty Kill

Team Stat

Stars - Hits : 23 - Faceoff Wins : 36 - Blocked Shots : 5 - Penalty Minutes : 29
BlackHawks - Hits : 23 - Faceoff Wins : 34 - Blocked Shots : 11 - Penalty Minutes : 19

Official

Referees : Justin StPierre and Tim Peel
Linesman : Kiel Murchison and Scott Cherrey

Game Notes

Jason Spezza is injured at 0:55 of 1st period (Upper Body)
Martin Hanzal and Shea Weber fight to a draw at 16:45 of 2nd period
Shea Weber ejected from game at 16:45 of 2nd period

Finance

Level 1 -- Attendance: 3992 (61.42%) -- Ticket Income $598,800
Level 2 -- Attendance: 2454 (49.08%) -- Ticket Income $294,480
Level 3 -- Attendance: 1870 (53.43%) -- Ticket Income $149,600
Level 4 -- Attendance: 1695 (37.67%) -- Ticket Income $84,750
Luxury Box -- Attendance: 601 (60.10%) -- Ticket Income $165,275
Game was played at the United Center'
Total Attendance: 10612 (51.77%)
Total Ticket Income: $1,292,905
Other Income: $193,936
Total Income: $1,486,841

% Time on Ice - Stars

Lines # - Real PCT - Wanted PCT - Time Play
Normal Forward
1 - 31% - 34% - 12:02
2 - 35% - 32% - 13:35
3 - 28% - 24% - 10:53
4 - 7% - 10% - 2:39
Normal Defense
1 - 32% - 32% - 12:25
2 - 29% - 32% - 11:18
3 - 22% - 26% - 8:48
4 - 17% - 10% - 6:38
PP Forward
1 - 52% - 65% - 4:21
2 - 48% - 35% - 4:00
PP Defense
1 - 47% - 60% - 3:56
2 - 53% - 40% - 4:25
PK Forward
1 - 46% - 52% - 3:47
2 - 54% - 48% - 4:28
PK Defense
1 - 64% - 60% - 5:16
2 - 36% - 40% - 2:59
PK3 Forward
1 - 94% - 56% - 1:34
2 - 6% - 44% - 0:06
PK3 Defense
1 - 43% - 60% - 0:43
2 - 57% - 40% - 0:57
44 Forward
1 - 98% - 60% - 2:15
2 - 2% - 40% - 0:03
44 Defense
1 - 81% - 60% - 1:52
2 - 19% - 40% - 0:26
Last Minute Offensive  - 0:17
Last Minute Defensive  - 0:00
Total
Forward - 60:00
Defense - 60:00

% Time on Ice - BlackHawks

Lines # - Real PCT - Wanted PCT - Time Play
Normal Forward
1 - 29% - 32% - 11:28
2 - 30% - 28% - 11:47
3 - 18% - 20% - 6:54
4 - 23% - 20% - 9:00
Normal Defense
1 - 35% - 40% - 13:37
2 - 29% - 32% - 11:15
3 - 36% - 28% - 14:17
4 - 0% - 0% - 0:00
PP Forward
1 - 46% - 55% - 3:48
2 - 54% - 45% - 4:27
PP Defense
1 - 57% - 60% - 4:44
2 - 43% - 40% - 3:31
PK Forward
1 - 72% - 55% - 6:03
2 - 28% - 45% - 2:18
PK Defense
1 - 57% - 55% - 4:45
2 - 43% - 45% - 3:36
PK3 Forward
1 - 0% - 50%
2 - 0% - 50%
PK3 Defense
1 - 0% - 55%
2 - 0% - 45%
44 Forward
1 - 82% - 55% - 3:15
2 - 18% - 45% - 0:43
44 Defense
1 - 67% - 55% - 2:39
2 - 33% - 45% - 1:19
Last Minute Offensive  - 0:00
Last Minute Defensive  - 0:17
Total
Forward - 60:00
Defense - 60:00

Play by Play

1st period


0:01 of 1st period - David Backes wins face-off versus Martin Hanzal in neutral zone.
0:12 of 1st period - Shot by Alex Galchenyuk.
0:12 of 1st period - Shot Misses the Net.
0:13 of 1st period - Minor Penalty to Martin Hanzal for Elbowing.
0:14 of 1st period - Zack Smith wins face-off versus Evgeni Malkin in BlackHawks zone.
0:14 of 1st period - Zack Smith is hit by James van Riemsdyk.
0:37 of 1st period - Shot by Alec Martinez.
0:37 of 1st period - Stopped by Cam Ward without a rebound.
0:38 of 1st period - Jason Spezza wins face-off versus Alex Galchenyuk in BlackHawks zone.
0:39 of 1st period - Shot by Andy Greene.
0:39 of 1st period - Shot Misses the Net.
0:54 of 1st period - Jason Spezza is hit by Matt Greene and loses puck.
0:55 of 1st period - Jason Spezza from Stars is injured at 0:55 of 1st period (Upper Body).
0:56 of 1st period - Alex Galchenyuk wins face-off versus Tyler Seguin in BlackHawks zone.
1:05 of 1st period - Alex Galchenyuk is hit by James van Riemsdyk.
1:15 of 1st period - Luke Schenn is hit by James van Riemsdyk.
1:51 of 1st period - Shot by David Backes.
1:51 of 1st period - Stopped by Cam Ward without a rebound.
1:52 of 1st period - David Backes wins face-off versus Alex Galchenyuk in BlackHawks zone.
1:53 of 1st period - Shot by Andy Greene.
1:53 of 1st period - Shot Misses the Net.
2:05 of 1st period - Andy Greene is hit by Dwight King and loses puck.
2:35 of 1st period - Patrick Bordeleau is hit by Jarret Stoll and loses puck.
3:28 of 1st period - Shot by Matt Greene.
3:28 of 1st period - Stopped by Semyon Varlamov without a rebound.
3:29 of 1st period - David Backes wins face-off versus Martin Hanzal in Stars zone.
3:33 of 1st period - Icing by Alec Martinez.
3:34 of 1st period - David Backes wins face-off versus Martin Hanzal in Stars zone.
4:07 of 1st period - Zdeno Chara is hit by Martin Hanzal and loses puck.
4:15 of 1st period - Minor Penalty to David Backes for Hooking.
4:16 of 1st period - Lars Eller wins face-off versus Jarome Iginla in Stars zone.
4:48 of 1st period - Minor Penalty to Brandon Bollig for Interference.
4:48 of 1st period - Minor Penalty to Zdeno Chara for Holding.
4:49 of 1st period - Jarret Stoll wins face-off versus Martin Hanzal in Stars zone.
5:10 of 1st period - Shot by Martin Hanzal.
5:10 of 1st period - Deflect By Dwight King.
5:10 of 1st period - Shot Blocked by Brenden Dillon.
5:12 of 1st period - Shot by Martin Hanzal.
5:12 of 1st period - Shot Blocked by Brenden Dillon.
5:30 of 1st period - Brenden Dillon is hit by Chris Stewart.
6:27 of 1st period - Shot by Martin Hanzal.
6:27 of 1st period - Shot Misses the Net.
6:56 of 1st period - Shot by David Backes.
6:56 of 1st period - Shot Misses the Net.
8:00 of 1st period - Off-side.
8:01 of 1st period - David Backes wins face-off versus Trevor Lewis in neutral zone.
8:37 of 1st period - Shot by Evgeni Malkin.
8:37 of 1st period - Shot Blocked by Dion Phaneuf.
9:09 of 1st period - Shot by Chris Stewart.
9:09 of 1st period - Shot Blocked by Shea Weber.
9:13 of 1st period - Shot by Martin Hanzal.
9:13 of 1st period - Shot Misses the Net.
9:15 of 1st period - Shot by Martin Hanzal.
9:15 of 1st period - Deflect By Alex Galchenyuk.
9:15 of 1st period - Goal by Alex Galchenyuk - Stars : 0 - BlackHawks : 1.
9:16 of 1st period - Lars Eller wins face-off versus Brandon Dubinsky in neutral zone.
9:39 of 1st period - Shot by Zdeno Chara.
9:39 of 1st period - Shot Hit the Post.
9:47 of 1st period - Zdeno Chara is hit by Lars Eller and loses puck.
10:36 of 1st period - Shot by Evgeni Malkin.
10:36 of 1st period - Stopped by Cam Ward without a rebound.
10:37 of 1st period - Zack Smith wins face-off versus Brandon Dubinsky in BlackHawks zone.
10:37 of 1st period - Zack Smith is hit by Ryan Reaves.
10:40 of 1st period - Icing by Dion Phaneuf.
10:41 of 1st period - Brandon Dubinsky wins face-off versus Zack Smith in BlackHawks zone.
10:46 of 1st period - Shot by Brandon Dubinsky.
10:46 of 1st period - Stopped by Cam Ward with a rebound.
12:33 of 1st period - Shot by Evgeni Malkin.
12:33 of 1st period - Shot Misses the Net.
12:35 of 1st period - Shot by Zdeno Chara.
12:35 of 1st period - Shot Blocked by Matt Greene.
12:37 of 1st period - Shot by Evgeni Malkin.
12:37 of 1st period - Shot Blocked by Matt Greene.
12:49 of 1st period - Shot by Evgeni Malkin.
12:49 of 1st period - Stopped by Cam Ward without a rebound.
12:50 of 1st period - Martin Hanzal wins face-off versus Jarome Iginla in BlackHawks zone.
13:22 of 1st period - Shot by Tyler Seguin.
13:22 of 1st period - Shot Misses the Net.
13:42 of 1st period - Douglas Murray is hit by Jarret Stoll and loses puck.
13:49 of 1st period - Shot by James van Riemsdyk.
13:49 of 1st period - Shot Blocked by Douglas Murray.
13:51 of 1st period - Shot by Dalton Prout.
13:51 of 1st period - Shot Misses the Net.
13:57 of 1st period - Shot by James van Riemsdyk.
13:57 of 1st period - Stopped by Cam Ward with a rebound.
14:31 of 1st period - Luke Schenn is hit by David Backes and loses puck.
15:15 of 1st period - Off-side.
15:16 of 1st period - Zack Smith wins face-off versus David Backes in neutral zone.
15:18 of 1st period - Nathan Horton is hit by David Backes and loses puck.
16:15 of 1st period - Shot by Brandon Dubinsky.
16:15 of 1st period - Shot Blocked by Matt Greene.
16:20 of 1st period - James van Riemsdyk is hit by Luke Schenn and loses puck.
16:23 of 1st period - Shot by James van Riemsdyk.
16:23 of 1st period - Stopped by Cam Ward with a rebound.
16:36 of 1st period - Brenden Dillon is hit by Patrick Bordeleau and loses puck.
16:40 of 1st period - Andy Greene is hit by Patrick Bordeleau and loses puck.
16:44 of 1st period - Brenden Dillon is hit by Luke Schenn and loses puck.
19:06 of 1st period - Icing by Nathan Horton.
19:07 of 1st period - David Backes wins face-off versus Zack Smith in BlackHawks zone.
19:07 of 1st period - David Backes is hit by Mike Komisarek.
Goals for this period are 0 for Stars vs 1 for BlackHawks.
Shots for this period are 7 for Stars vs 2 for BlackHawks.

2nd period


0:01 of 2nd period - David Backes wins face-off versus Dwight King in neutral zone.
0:33 of 2nd period - Shot by Lars Eller.
0:33 of 2nd period - Stopped by Semyon Varlamov without a rebound.
0:34 of 2nd period - Martin Hanzal wins face-off versus Brandon Dubinsky in Stars zone.
0:34 of 2nd period - Martin Hanzal is hit by Brenden Dillon.
0:48 of 2nd period - Shot by James van Riemsdyk.
0:48 of 2nd period - Shot Misses the Net.
1:01 of 2nd period - Brandon Dubinsky is hit by Luke Schenn and loses puck.
2:30 of 2nd period - Shot by Jarome Iginla.
2:30 of 2nd period - Goal by Jarome Iginla - Stars : 1 - BlackHawks : 1.
2:31 of 2nd period - Lars Eller wins face-off versus Brandon Dubinsky in neutral zone.
2:31 of 2nd period - Dion Phaneuf is hit by Jarome Iginla and loses puck.
2:55 of 2nd period - Brandon Dubinsky is hit by Jarred Tinordi and loses puck.
3:15 of 2nd period - Dwight King is hit by Alec Martinez and loses puck.
4:25 of 2nd period - Mike Komisarek is hit by Shea Weber and loses puck.
4:37 of 2nd period - Shot by Shea Weber.
4:37 of 2nd period - Stopped by Cam Ward without a rebound.
4:38 of 2nd period - Brandon Dubinsky wins face-off versus Zack Smith in BlackHawks zone.
4:49 of 2nd period - Shot by Dion Phaneuf.
4:49 of 2nd period - Stopped by Semyon Varlamov with a rebound.
4:51 of 2nd period - Shot by Brandon Bollig.
4:51 of 2nd period - Shot Misses the Net.
4:56 of 2nd period - Minor Penalty to Dalton Prout for Hooking.
4:57 of 2nd period - Eric Staal wins face-off versus Lars Eller in Stars zone.
4:57 of 2nd period - Eric Staal is hit by Brandon Bollig.
5:36 of 2nd period - Icing by Martin Hanzal.
5:37 of 2nd period - David Backes wins face-off versus Martin Hanzal in BlackHawks zone.
6:38 of 2nd period - Shot by Matt Greene.
6:38 of 2nd period - Shot Misses the Net.
6:58 of 2nd period - Icing by Zdeno Chara.
6:59 of 2nd period - Trevor Lewis wins face-off versus Tyler Seguin in Stars zone.
7:23 of 2nd period - Shot by Jarome Iginla.
7:23 of 2nd period - Shot Blocked by Mike Komisarek.
7:31 of 2nd period - Shot by Jarome Iginla.
7:31 of 2nd period - Shot Misses the Net.
7:33 of 2nd period - Shot by Jarome Iginla.
7:33 of 2nd period - Stopped by Cam Ward without a rebound.
7:34 of 2nd period - Lars Eller wins face-off versus Eric Staal in BlackHawks zone.
9:09 of 2nd period - Off-side.
9:10 of 2nd period - Brandon Dubinsky wins face-off versus Zack Smith in neutral zone.
9:10 of 2nd period - Brandon Dubinsky is hit by Brandon Bollig.
9:33 of 2nd period - Shot by Nathan Horton.
9:33 of 2nd period - Shot Misses the Net.
9:38 of 2nd period - Minor Penalty to Alec Martinez for Roughing.
9:39 of 2nd period - Lars Eller wins face-off versus David Backes in Stars zone.
9:45 of 2nd period - Brandon Bollig is hit by Shea Weber.
10:14 of 2nd period - Icing by Douglas Murray.
10:15 of 2nd period - David Backes wins face-off versus Lars Eller in BlackHawks zone.
10:52 of 2nd period - Shot by Alex Galchenyuk.
10:52 of 2nd period - Shot Misses the Net.
11:08 of 2nd period - Shot by Dion Phaneuf.
11:08 of 2nd period - Stopped by Semyon Varlamov without a rebound.
11:09 of 2nd period - Alex Galchenyuk wins face-off versus David Backes in Stars zone.
11:28 of 2nd period - Shot by Jarred Tinordi.
11:28 of 2nd period - Stopped by Semyon Varlamov without a rebound.
11:29 of 2nd period - Eric Staal wins face-off versus Chris Stewart in Stars zone.
11:58 of 2nd period - Shot by Tyler Seguin.
11:58 of 2nd period - Shot Misses the Net.
12:09 of 2nd period - Jared Boll is hit by Alec Martinez and loses puck.
15:31 of 2nd period - Icing by Zdeno Chara.
15:32 of 2nd period - Tyler Seguin wins face-off versus Trevor Lewis in Stars zone.
15:32 of 2nd period - Jarome Iginla is hit by Trevor Lewis and loses puck.
15:49 of 2nd period - Icing by Patrick Bordeleau.
15:50 of 2nd period - Brandon Dubinsky wins face-off versus Trevor Lewis in BlackHawks zone.
15:55 of 2nd period - Shot by Brandon Dubinsky.
15:55 of 2nd period - Shot Misses the Net.
15:57 of 2nd period - Shot by Travis Hamonic.
15:57 of 2nd period - Shot Blocked by Dion Phaneuf.
16:11 of 2nd period - Shot by Patrick Bordeleau.
16:11 of 2nd period - Stopped by Semyon Varlamov without a rebound.
16:12 of 2nd period - Martin Hanzal wins face-off versus Jarret Stoll in Stars zone.
16:28 of 2nd period - Icing by Chris Stewart.
16:29 of 2nd period - Martin Hanzal wins face-off versus David Backes in BlackHawks zone.
16:33 of 2nd period - Martin Hanzal is hit by Shea Weber and loses puck.
16:42 of 2nd period - Shot by Martin Hanzal.
16:42 of 2nd period - Shot Misses the Net.
16:45 of 2nd period - Martin Hanzal and Shea Weber fight to a draw.
16:45 of 2nd period - Penalty to Martin Hanzal for Fighting.
16:45 of 2nd period - Penalty to Shea Weber for Fighting.
16:45 of 2nd period - Penalty to Shea Weber for instigated a fight.
16:45 of 2nd period - Shea Weber is ejected from game.
16:46 of 2nd period - David Backes wins face-off versus Lars Eller in Stars zone.
16:46 of 2nd period - David Backes is hit by Brandon Bollig.
17:14 of 2nd period - Shot by Dion Phaneuf.
17:14 of 2nd period - Stopped by Semyon Varlamov without a rebound.
17:15 of 2nd period - Eric Staal wins face-off versus Lars Eller in Stars zone.
17:36 of 2nd period - Shot by Alex Galchenyuk.
17:36 of 2nd period - Shot Misses the Net.
17:38 of 2nd period - Shot by Douglas Murray.
17:38 of 2nd period - Stopped by Semyon Varlamov without a rebound.
17:39 of 2nd period - David Backes wins face-off versus Lars Eller in Stars zone.
17:39 of 2nd period - David Backes is hit by Lars Eller.
18:30 of 2nd period - Minor Penalty to Luke Schenn for Hooking.
18:30 of 2nd period - Minor Penalty to Brandon Dubinsky for Hooking.
18:31 of 2nd period - David Backes wins face-off versus Alex Galchenyuk in BlackHawks zone.
19:17 of 2nd period - Shot by Dwight King.
19:17 of 2nd period - Shot Misses the Net.
19:36 of 2nd period - Icing by Jarred Tinordi.
19:37 of 2nd period - Lars Eller wins face-off versus Evgeni Malkin in BlackHawks zone.
19:37 of 2nd period - Lars Eller is hit by Tyler Seguin.
Goals for this period are 1 for Stars vs 0 for BlackHawks.
Shots for this period are 3 for Stars vs 7 for BlackHawks.

3rd period


0:01 of 3rd period - Chris Stewart wins face-off versus Evgeni Malkin in neutral zone.
0:42 of 3rd period - Shot by Eric Staal.
0:42 of 3rd period - Shot Misses the Net.
0:44 of 3rd period - Shot by Eric Staal.
0:44 of 3rd period - Goal by Eric Staal - Stars : 2 - BlackHawks : 1.
0:45 of 3rd period - Brandon Dubinsky wins face-off versus Patrick Bordeleau in neutral zone.
1:09 of 3rd period - Icing by Jarret Stoll.
1:10 of 3rd period - Lars Eller wins face-off versus Brandon Dubinsky in Stars zone.
1:10 of 3rd period - Lars Eller is hit by Brenden Dillon.
1:16 of 3rd period - Shot by Alex Galchenyuk.
1:16 of 3rd period - Shot Misses the Net.
1:18 of 3rd period - Shot by Matt Greene.
1:18 of 3rd period - Stopped by Semyon Varlamov without a rebound.
1:19 of 3rd period - David Backes wins face-off versus Lars Eller in Stars zone.
1:30 of 3rd period - Shot by Tyler Seguin.
1:30 of 3rd period - Shot Blocked by Luke Schenn.
1:54 of 3rd period - Shot by Lars Eller.
1:54 of 3rd period - Shot Misses the Net.
1:56 of 3rd period - Shot by Mike Richards.
1:56 of 3rd period - Shot Blocked by Zdeno Chara.
1:58 of 3rd period - Shot by Lars Eller.
1:58 of 3rd period - Shot Misses the Net.
2:00 of 3rd period - Shot by Lars Eller.
2:00 of 3rd period - Goal by Lars Eller - Stars : 2 - BlackHawks : 2.
2:01 of 3rd period - Brandon Dubinsky wins face-off versus Martin Hanzal in neutral zone.
2:01 of 3rd period - Travis Hamonic is hit by Chris Stewart.
2:02 of 3rd period - Minor Penalty to Chris Stewart for Roughing.
2:03 of 3rd period - Zack Smith wins face-off versus Eric Staal in BlackHawks zone.
2:20 of 3rd period - Shot by Eric Staal.
2:20 of 3rd period - Stopped by Cam Ward without a rebound.
2:21 of 3rd period - Evgeni Malkin wins face-off versus Zack Smith in BlackHawks zone.
2:34 of 3rd period - Shot by Tyler Seguin.
2:34 of 3rd period - Shot Misses the Net.
2:36 of 3rd period - Shot by Zdeno Chara.
2:36 of 3rd period - Shot Misses the Net.
2:38 of 3rd period - Shot by Alec Martinez.
2:38 of 3rd period - Shot Misses the Net.
2:40 of 3rd period - Shot by Alec Martinez.
2:40 of 3rd period - Deflect By Evgeni Malkin.
2:40 of 3rd period - Shot Misses the Net.
2:42 of 3rd period - Shot by Alec Martinez.
2:42 of 3rd period - Stopped by Cam Ward with a rebound.
2:44 of 3rd period - Shot by Evgeni Malkin.
2:44 of 3rd period - Stopped by Cam Ward without a rebound.
2:45 of 3rd period - Martin Hanzal wins face-off versus Eric Staal in BlackHawks zone.
2:45 of 3rd period - Martin Hanzal is hit by David Backes.
3:02 of 3rd period - Shot by Jarome Iginla.
3:02 of 3rd period - Shot Misses the Net.
3:04 of 3rd period - Shot by Andy Greene.
3:04 of 3rd period - Stopped by Cam Ward without a rebound.
3:05 of 3rd period - Brandon Bollig wins face-off versus Evgeni Malkin in BlackHawks zone.
3:21 of 3rd period - Icing by Evgeni Malkin.
3:22 of 3rd period - Evgeni Malkin wins face-off versus Zack Smith in Stars zone.
3:41 of 3rd period - Shot by Zdeno Chara.
3:41 of 3rd period - Shot Misses the Net.
3:43 of 3rd period - Shot by Zdeno Chara.
3:43 of 3rd period - Stopped by Cam Ward without a rebound.
3:44 of 3rd period - Martin Hanzal wins face-off versus David Backes in BlackHawks zone.
3:52 of 3rd period - Off-side.
3:53 of 3rd period - Zack Smith wins face-off versus Evgeni Malkin in neutral zone.
4:04 of 3rd period - Shot by Jarome Iginla.
4:04 of 3rd period - Stopped by Cam Ward with a rebound.
4:34 of 3rd period - Shot by David Backes.
4:34 of 3rd period - Stopped by Cam Ward with a rebound.
5:30 of 3rd period - Shot by Dion Phaneuf.
5:30 of 3rd period - Shot Blocked by Brandon Dubinsky.
5:32 of 3rd period - Shot by Mike Richards.
5:32 of 3rd period - Shot Misses the Net.
5:34 of 3rd period - Shot by Lars Eller.
5:34 of 3rd period - Stopped by Semyon Varlamov without a rebound.
5:35 of 3rd period - Zack Smith wins face-off versus David Backes in Stars zone.
5:58 of 3rd period - Shot by Evgeni Malkin.
5:58 of 3rd period - Shot Blocked by Matt Greene.
6:16 of 3rd period - Shot by Brandon Bollig.
6:16 of 3rd period - Stopped by Semyon Varlamov without a rebound.
6:17 of 3rd period - Lars Eller wins face-off versus Brandon Dubinsky in Stars zone.
6:51 of 3rd period - Jarome Iginla is hit by Dion Phaneuf and loses puck.
6:58 of 3rd period - Brandon Dubinsky is hit by Lars Eller and loses puck.
7:12 of 3rd period - Mike Komisarek is hit by Brenden Dillon and loses puck.
7:15 of 3rd period - Shot by Alex Galchenyuk.
7:15 of 3rd period - Stopped by Semyon Varlamov with a rebound.
7:17 of 3rd period - Shot by Martin Hanzal.
7:17 of 3rd period - Goal by Martin Hanzal - Stars : 2 - BlackHawks : 3.
7:18 of 3rd period - David Backes wins face-off versus Trevor Lewis in neutral zone.
7:28 of 3rd period - Luke Schenn is hit by David Backes and loses puck.
7:54 of 3rd period - Shot by Patrick Bordeleau.
7:54 of 3rd period - Stopped by Semyon Varlamov without a rebound.
7:55 of 3rd period - Brandon Dubinsky wins face-off versus Martin Hanzal in Stars zone.
8:19 of 3rd period - Chris Stewart is hit by John Erskine and loses puck.
8:24 of 3rd period - Shot by Martin Hanzal.
8:24 of 3rd period - Shot Misses the Net.
8:26 of 3rd period - Shot by Mike Komisarek.
8:26 of 3rd period - Shot Misses the Net.
8:28 of 3rd period - Shot by Mike Komisarek.
8:28 of 3rd period - Shot Misses the Net.
8:29 of 3rd period - Minor Penalty to John Erskine for Interference.
8:30 of 3rd period - Lars Eller wins face-off versus Eric Staal in Stars zone.
9:16 of 3rd period - Off-side.
9:17 of 3rd period - Martin Hanzal wins face-off versus Eric Staal in neutral zone.
9:25 of 3rd period - Icing by Martin Hanzal.
9:26 of 3rd period - Martin Hanzal wins face-off versus Eric Staal in BlackHawks zone.
9:41 of 3rd period - Shot by Martin Hanzal.
9:41 of 3rd period - Shot Misses the Net.
10:20 of 3rd period - Icing by Dion Phaneuf.
10:21 of 3rd period - David Backes wins face-off versus Lars Eller in BlackHawks zone.
10:43 of 3rd period - Minor Penalty to Patrick Bordeleau for Hooking.
10:44 of 3rd period - Brandon Bollig wins face-off versus Evgeni Malkin in BlackHawks zone.
11:09 of 3rd period - Shot by Evgeni Malkin.
11:09 of 3rd period - Stopped by Cam Ward without a rebound.
11:10 of 3rd period - Martin Hanzal wins face-off versus David Backes in BlackHawks zone.
11:16 of 3rd period - Icing by David Backes.
11:17 of 3rd period - Zack Smith wins face-off versus David Backes in Stars zone.
11:33 of 3rd period - Icing by David Backes.
11:34 of 3rd period - David Backes wins face-off versus Zack Smith in Stars zone.
13:17 of 3rd period - Shot by Patrick Bordeleau.
13:17 of 3rd period - Stopped by Semyon Varlamov without a rebound.
13:18 of 3rd period - David Backes wins face-off versus Martin Hanzal in Stars zone.
13:18 of 3rd period - David Backes is hit by Martin Hanzal.
13:26 of 3rd period - David Backes is hit by Martin Hanzal and loses puck.
13:35 of 3rd period - Shot by Matt Greene.
13:35 of 3rd period - Stopped by Semyon Varlamov without a rebound.
13:36 of 3rd period - Dwight King wins face-off versus David Backes in Stars zone.
13:36 of 3rd period - Mike Richards is hit by Brenden Dillon.
13:54 of 3rd period - Shot by Jarome Iginla.
13:54 of 3rd period - Shot Misses the Net.
14:00 of 3rd period - Shot by David Backes.
14:00 of 3rd period - Shot Misses the Net.
14:50 of 3rd period - Shot by Brandon Dubinsky.
14:50 of 3rd period - Stopped by Cam Ward with a rebound.
15:11 of 3rd period - Shot by Brandon Dubinsky.
15:11 of 3rd period - Shot Misses the Net.
15:15 of 3rd period - Shot by Brandon Dubinsky.
15:15 of 3rd period - Deflect By James van Riemsdyk.
15:15 of 3rd period - Shot Misses the Net.
15:17 of 3rd period - Shot by Travis Hamonic.
15:17 of 3rd period - Shot Blocked by Douglas Murray.
15:30 of 3rd period - Mike Richards is hit by Brandon Dubinsky and loses puck.
15:58 of 3rd period - Minor Penalty to Mike Komisarek for Hooking.
15:59 of 3rd period - Evgeni Malkin wins face-off versus Zack Smith in BlackHawks zone.
16:58 of 3rd period - Off-side.
16:59 of 3rd period - Zack Smith wins face-off versus Eric Staal in neutral zone.
17:16 of 3rd period - Shot by Andy Greene.
17:16 of 3rd period - Stopped by Cam Ward with a rebound.
18:06 of 3rd period - Shot by Tyler Seguin.
18:06 of 3rd period - Shot Blocked by Patrick Bordeleau.
18:18 of 3rd period - Shot by Trevor Lewis.
18:18 of 3rd period - Shot Misses the Net.
18:20 of 3rd period - Shot by Jarred Tinordi.
18:20 of 3rd period - Shot Misses the Net.
18:45 of 3rd period - Icing by Trevor Lewis.
18:46 of 3rd period - Brandon Dubinsky wins face-off versus Trevor Lewis in BlackHawks zone.
18:54 of 3rd period - Off-side.
18:55 of 3rd period - Martin Hanzal wins face-off versus Brandon Dubinsky in neutral zone.
19:15 of 3rd period - Stars, Semyon Varlamov is pulled from the net.
19:17 of 3rd period - Shot by James van Riemsdyk.
19:17 of 3rd period - Stopped by Cam Ward without a rebound.
19:18 of 3rd period - Evgeni Malkin wins face-off versus Lars Eller in BlackHawks zone.
19:34 of 3rd period - Minor Penalty to Zack Smith for High sticking.
19:35 of 3rd period - David Backes wins face-off versus Alex Galchenyuk in BlackHawks zone.
19:40 of 3rd period - Shot by Alec Martinez.
19:40 of 3rd period - Shot Misses the Net.
19:57 of 3rd period - Jarome Iginla is hit by Douglas Murray and loses puck.
Goals for this period are 1 for Stars vs 2 for BlackHawks.
Shots for this period are 12 for Stars vs 9 for BlackHawks.


Output by the SimonT Hockey Simulator (STHS) for Stephane Roy -- Original Page W3C XHTML 1.0 Valid
Hockey Simulator - Hockey Simulation - Hockey Manager